 Dungeon Crawl Stone Soup version 0.30-a0-137-gd8773701ce (webtiles) character file.

Game seed: 13039684467249346550

409 jimonade the Covert (level 6, -4/41 HPs)
             Began as an Octopode Brigand on Sept 21, 2022.
             Slain by an orc wizard
             ... wielding a +0 dagger
              (5 damage)
             ... on level 3 of the Dungeon.
             The game lasted 00:04:56 (2568 turns).

jimonade the Covert (Octopode Brigand)              Turns: 2568, Time: 00:04:57

Health: -4/41      AC:  1    Str: 17    XL:     6   Next: 89%
Magic:  6/6        EV: 13    Int: 13    God:
Gold:   135        SH:  0    Dex: 15    Spells: 5/5 levels left

rFire   . . .      SeeInvis .    b - +0 dagger (venom)
rCold   . . .      Faith    .    (no shield)
rNeg    . . .      Spirit   .    (helmet restricted)
rPois   .          Reflect  .    (no amulet)
rElec   .          Harm     .    h - ring of willpower
rCorr   .          Rampage  .    j - +6 ring of strength
Will    +....                    (no ring)
Stlth   +++++.....               (no ring)
HPRegen 0.13/turn                (no ring)
MPRegen 0.10/turn                (no ring)
                                 (no ring)
                                 (no ring)

@: no status effects
A: almost no armour, amphibious, 8 rings, camouflage 1, gelatinous body 1,
(nimble swimmer 1), tentacles
a: no special abilities


You were on level 3 of the Dungeon.
You visited 1 branch of the dungeon, and saw 3 of its levels.

You collected 135 gold pieces.

Inventory:

Hand Weapons
 a - a +2 dagger
 b - a +0 dagger of venom (weapon)
 e - a +0 quarterstaff
Missiles
 c - 3 curare-tipped darts
 l - 19 poisoned darts (quivered)
Jewellery
 h - a ring of willpower (left tentacle)
 j - a +6 ring of strength (right tentacle)
Scrolls
 d - a scroll of blinking {unknown}
 i - a scroll of magic mapping {unknown}
 n - a scroll of enchant armour {unknown}
 o - a scroll of enchant weapon {unknown}
 p - 4 scrolls of identify {unknown}
 q - a scroll of torment {unknown}
 r - a scroll of silence {unknown}
 s - a scroll of noise {unknown}
Potions
 f - a potion of lignification {unknown}
 g - 2 potions of heal wounds {unknown}
 k - 2 potions of mutation {unknown}
 m - a potion of might {unknown}


   Skills:
 + Level 2.9 Fighting
 + Level 3.7 Short Blades
 + Level 2.1 Throwing
 + Level 1.8 Dodging
 + Level 9.2 Stealth


You had 5 spell levels left.
You didn't know any spells.
Your spell library contained the following spells:

 Spells                   Type           Power      Damage    Failure   Level
 Foxfire                  Conj/Fire      0%         2x1d4     30%         1
 Ignite Poison            Fire/Tmut/Pois 0%         N/A       67%         3
 Inner Flame              Hex/Fire       0%         N/A       67%         3
 Kindle Blastsparks       Fire/Tloc/Air  0%         2d10      67%         3
 Flame Wave               Conj/Fire      0%         2d4       97%         4
 Sticky Flame             Conj/Fire      0%         2d3       97%         4


Dungeon Overview and Level Annotations

Branches:
Dungeon (3/15)

Altars:

Annotations:
D:3 1 runed translucent door, Hubris850's ghost, amateur GrFi


Innate Abilities, Weirdness & Mutations

You cannot wear most types of armour.
You are amphibious.
You can wear up to eight rings at the same time.
Your skin changes colour to match your surroundings (Stealth+).
Your rubbery body absorbs attacks. (AC +1, EV +1)
((You are camouflaged when in or above water. (Stealth+)))
You have tentacles for arms and can constrict up to eight enemies at once.


Message History

You kill the orc!
The rat twitches its whiskers.
You hit the orc.
The orc is poisoned.
Your grab misses the orc.
Your tentacle-slap misses the orc.
You squeeze the orc.
You kill the orc!
You hit the orc.
You kill the orc!
The bat hits you.
You closely miss the rat. You grab the rat. You squeeze the rat.
You kill the rat!
The bat barely misses you.
You hit the bat.
You kill the bat!
Something hits you.
You miss something.
The goblin shouts!
Something barely misses you.
The goblin unwields a +0 dagger.
The goblin wields a +0 sling.
The goblin shoots a sling bullet.
You miss something. Your squeeze misses something.
You hear some strange, mumbled words.
A magic dart appears from out of thin air!
The magic dart hits you!
The goblin shoots a sling bullet.
The sling bullet hits you.
You hit something but do no damage.
You hear some strange, mumbled words.
A magic dart appears from out of thin air!
The magic dart hits you!
You closely miss something. Your squeeze misses something. Something hits you.
* * * LOW HITPOINT WARNING * * *
You hit something but do no damage.
Your tentacle-slap misses something.
Your squeeze misses something.
The goblin shoots a sling bullet.
You closely miss something. Something hits you.
* * * LOW HITPOINT WARNING * * *
The goblin shoots a sling bullet.
You hit something. Your squeeze misses something. Something hits you.
* * * LOW HITPOINT WARNING * * *
The goblin shoots a sling bullet.
The sling bullet hits you.
* * * LOW HITPOINT WARNING * * *
You barely miss something. Something hits you.
You die...

##.......#####.#.##...##..#...
........... ..#..###.........
##...##.#g#..##.# #.#.#.#...
#.. #.....###.# #.........
#.####.#.#. #.# #.#.#.#... #
......... ##.#...........
....... ###....#.#.#.#...
.......##................
......g{@.#.#............
......K####..##..........
....... #.## #######...
....... #.# #... #.#.### #.#
#... .... #.# ####... #.# .#
#...... .. ###.#######.##...
........#.......


You could see a goblin and a kobold.

Vanquished Creatures
  Grinder (D:3)
  Terence (D:2)
  An orc wizard (D:3)
  Natasha (D:2)
  Robin (D:3)
  4 adders
  A worm (D:2)
  3 orcs (D:3)
  9 ball pythons
  7 bats
  5 endoplasms
  2 giant cockroaches
  12 goblins
  10 hobgoblins
  6 jackals
  4 quokkas
  2 frilled lizards
  7 kobolds
  6 rats
83 creatures vanquished.

Notes
Turn   | Place    | Note
-------+----------+-------------------------------------------
     0 | D:1      | jimonade the Octopode Brigand began the quest for the Orb.
     0 | D:1      | Reached XP level 1. HP: 14/14 MP: 1/1
   196 | D:1      | Reached XP level 2. HP: 18/19 MP: 2/2
   233 | D:1      | Reached skill level 6 in Stealth
   750 | D:1      | Reached XP level 3. HP: 24/24 MP: 3/3
  1220 | D:2      | Found a faded altar of an unknown god.
  1353 | D:2      | Noticed Terence
  1363 | D:2      | Reached XP level 4. HP: 20/29 MP: 4/4
  1369 | D:2      | Killed Terence
  1370 | D:2      | Reached skill level 7 in Stealth
  1773 | D:2      | Noticed Natasha
  1781 | D:2      | Killed Natasha
  1782 | D:2      | Reached XP level 5. HP: 35/35 MP: 5/5
  2278 | D:3      | Noticed Robin
  2324 | D:3      | Killed Robin
  2325 | D:3      | Reached skill level 8 in Stealth
  2417 | D:3      | Noticed Grinder
  2423 | D:3      | Killed Grinder
  2424 | D:3      | Reached skill level 9 in Stealth
  2424 | D:3      | Reached XP level 6. HP: 41/41 MP: 6/6
  2424 | D:3      | Found a runed translucent door.
  2424 | D:3      | Noticed Hubris850's ghost (amateur GrFi)
  2567 | D:3      | HP: 1/41 [goblin/sling bullet (6)]
  2568 | D:3      | Slain by an orc wizard

Illustrated notes

Levels and vault maps discovered:
D:1:      minmay_arrival_checkered_box, layout_basic, nicolae_titane
D:2:      layout_basic, ebering_ecumenical_altar_mist, uniq_terence,
          uniq_natasha
D:3:      layout_loops_cross, hellmonk_ghost_happy_afterlife, serial_glass,
          glass_columns_b, glass_columns_b, glass_columns_b, glass_columns_a,
          glass_columns_a, glass_columns_a, glass_columns_c, glass_columns_a,
          glass_columns_b, glass_columns_c, glass_columns_b, glass_columns_a,
          glass_columns_a, glass_columns_a, uniq_grinder, uniq_robin

Skill      XL: |  1  2  3  4  5 |
---------------+----------------+-----
Stealth        | 6 7 9 |  9.2
Short Blades   | 3 |  3.7
Fighting       | |  2.9
Throwing       | |  2.1
Dodging        | |  1.8

Action                   |  1- 3 |  4- 6 || total
-------------------------+-------+-------++-------
Melee: Dagger            |    73 |    90 ||   163
       Constrict         |    18 |    27 ||    45
       Tentacles         |    10 |    22 ||    32
 Stab: Sleeping          |    14 |     9 ||    23
       Distracted        |     1 |       ||     1
Armor: Skin              |     7 |     1 ||     8
Dodge: Dodged            |    24 |    38 ||    62

Table legend: (Time is in decaauts)
 A = Elapsed time spent in this place.
 B = Non-inter-level travel time spent in this place.
 C = Inter-level travel time spent in this place.
 D = Time resting spent in this place.
 E = Time spent auto-exploring this place.
 F = Levels seen in this place.
 G = Mean time per level.
                   A        B        C        D        E       F      G
               +--------+--------+--------+--------+--------+-----+--------+
         Total |   2545 |   2502 |     43 |    340 |   1533 |   3 |  848.3 |
       Dungeon |   2545 |   2502 |     43 |    340 |   1533 |   3 |  848.3 |
               +--------+--------+--------+--------+--------+-----+--------+

Top non-repeatable levels by time:
     D:1: 1100 daAuts
     D:2: 898 daAuts
     D:3: 546 daAuts
